Unix NetHack Version 3.7.0-62 Work-in-progress - last build Sep 4 2022 05:15:49 (19f23e9df9cc3a1919452eed5d8f743ebdc3eec5,branch:master).

Game began 2022-08-30 16:17:24, ended 2022-09-04 15:06:34.

rustyspoon, neutral female human Monk

  
unexplored area
unexplored area
unexplored area
unexplored area
unexplored area
unexplored area
unexplored area
unexplored area
unexplored area
unexplored area
unexplored area
unexplored area
unexplored area
unexplored area
unexplored area
unexplored area
unexplored area
unexplored area
unexplored area
unexplored area
unexplored area
unexplored area
unexplored area
unexplored area
unexplored area
unexplored area
unexplored area
unexplored area
unexplored area
unexplored area
unexplored area
unexplored area
unexplored area
unexplored area
unexplored area
unexplored area
unexplored area
unexplored area
unexplored area
unexplored area
unexplored area
unexplored area
unexplored area
unexplored area
unexplored area
unexplored area
unexplored area
unexplored area
unexplored area
unexplored area
unexplored area
unexplored area
unexplored area
unexplored area
unexplored area
unexplored area
unexplored area
unexplored area
unexplored area
unexplored area
unexplored area
unexplored area
unexplored area
unexplored area
unexplored area
unexplored area
unexplored area
unexplored area
unexplored area
unexplored area
unexplored area
unexplored area
unexplored area
unexplored area
unexplored area
unexplored area
unexplored area
unexplored area
unexplored area
unexplored area
unexplored area
unexplored area
unexplored area
unexplored area
unexplored area
unexplored area
unexplored area
unexplored area
unexplored area
unexplored area
unexplored area
unexplored area
unexplored area
unexplored area
unexplored area
unexplored area
unexplored area
unexplored area
unexplored area
unexplored area
unexplored area
unexplored area
unexplored area
unexplored area
unexplored area
unexplored area
unexplored area
unexplored area
unexplored area
unexplored area
unexplored area
unexplored area
unexplored area
unexplored area
unexplored area
unexplored area
unexplored area
unexplored area
unexplored area
unexplored area
unexplored area
unexplored area
unexplored area
unexplored area
unexplored area
unexplored area
unexplored area
unexplored area
unexplored area
unexplored area
unexplored area
unexplored area
unexplored area
unexplored area
unexplored area
unexplored area
unexplored area
unexplored area
unexplored area
unexplored area
unexplored area
unexplored area
unexplored area
unexplored area
unexplored area
unexplored area
unexplored area
unexplored area
unexplored area
unexplored area
unexplored area
unexplored area
unexplored area
unexplored area
unexplored area
unexplored area
unexplored area
unexplored area
unexplored area
unexplored area
unexplored area
unexplored area
unexplored area
unexplored area
unexplored area
unexplored area
unexplored area
unexplored area
unexplored area
unexplored area
unexplored area
unexplored area
unexplored area
unexplored area
unexplored area
unexplored area
unexplored area
unexplored area
unexplored area
unexplored area
unexplored area
unexplored area
unexplored area
unexplored area
unexplored area
unexplored area
unexplored area
unexplored area
unexplored area
unexplored area
unexplored area
unexplored area
unexplored area
unexplored area
unexplored area
unexplored area
unexplored area
unexplored area
unexplored area
unexplored area
unexplored area
unexplored area
unexplored area
unexplored area
unexplored area
unexplored area
unexplored area
unexplored area
unexplored area
unexplored area
unexplored area
unexplored area
unexplored area
unexplored area
unexplored area
unexplored area
unexplored area
unexplored area
unexplored area
unexplored area
unexplored area
unexplored area
unexplored area
unexplored area
unexplored area
unexplored area
unexplored area
unexplored area
unexplored area
unexplored area
unexplored area
unexplored area
unexplored area
unexplored area
unexplored area
unexplored area
unexplored area
unexplored area
unexplored area
unexplored area
unexplored area
unexplored area
unexplored area
unexplored area
unexplored area
unexplored area
unexplored area
unexplored area
unexplored area
unexplored area
unexplored area
unexplored area
unexplored area
unexplored area
unexplored area
unexplored area
unexplored area
unexplored area
unexplored area
unexplored area
unexplored area
unexplored area
unexplored area
unexplored area
unexplored area
unexplored area
unexplored area
unexplored area
unexplored area
unexplored area
unexplored area
unexplored area
unexplored area
unexplored area
unexplored area
unexplored area
unexplored area
unexplored area
unexplored area
unexplored area
unexplored area
unexplored area
unexplored area
unexplored area
unexplored area
unexplored area
unexplored area
unexplored area
unexplored area
unexplored area
unexplored area
unexplored area
unexplored area
unexplored area
unexplored area
unexplored area
unexplored area
unexplored area
unexplored area
unexplored area
unexplored area
unexplored area
unexplored area
unexplored area
unexplored area
unexplored area
unexplored area
unexplored area
unexplored area
unexplored area
unexplored area
unexplored area
unexplored area
unexplored area
unexplored area
unexplored area
unexplored area
unexplored area
unexplored area
unexplored area
unexplored area
unexplored area
unexplored area
unexplored area
unexplored area
unexplored area
unexplored area
unexplored area
unexplored area
unexplored area
unexplored area
unexplored area
unexplored area
unexplored area
unexplored area
unexplored area
unexplored area
unexplored area
unexplored area
unexplored area
unexplored area
unexplored area
unexplored area
unexplored area
unexplored area
unexplored area
unexplored area
unexplored area
unexplored area
unexplored area
unexplored area
unexplored area
unexplored area
unexplored area
unexplored area
unexplored area
unexplored area
unexplored area
unexplored area
unexplored area
unexplored area
unexplored area
unexplored area
unexplored area
unexplored area
unexplored area
unexplored area
unexplored area
unexplored area
unexplored area
unexplored area
unexplored area
unexplored area
unexplored area
unexplored area
unexplored area
unexplored area
unexplored area
unexplored area
unexplored area
unexplored area
unexplored area
unexplored area
unexplored area
unexplored area
unexplored area
unexplored area
unexplored area
unexplored area
unexplored area
unexplored area
unexplored area
unexplored area
unexplored area
unexplored area
unexplored area
unexplored area
unexplored area
unexplored area
unexplored area
unexplored area
unexplored area
unexplored area
unexplored area
unexplored area
unexplored area
unexplored area
wall
wall
wall
wall
wall
unexplored area
unexplored area
unexplored area
unexplored area
unexplored area
unexplored area
unexplored area
unexplored area
unexplored area
unexplored area
unexplored area
unexplored area
unexplored area
unexplored area
unexplored area
unexplored area
unexplored area
unexplored area
unexplored area
unexplored area
unexplored area
unexplored area
unexplored area
unexplored area
unexplored area
unexplored area
unexplored area
unexplored area
unexplored area
unexplored area
unexplored area
unexplored area
unexplored area
unexplored area
unexplored area
unexplored area
unexplored area
unexplored area
unexplored area
unexplored area
unexplored area
unexplored area
unexplored area
unexplored area
unexplored area
unexplored area
unexplored area
unexplored area
unexplored area
unexplored area
unexplored area
unexplored area
unexplored area
unexplored area
unexplored area
unexplored area
unexplored area
unexplored area
unexplored area
unexplored area
unexplored area
unexplored area
unexplored area
unexplored area
unexplored area
unexplored area
unexplored area
unexplored area
unexplored area
unexplored area
unexplored area
unexplored area
unexplored area
unexplored area
unexplored area
.dark part of a room
.dark part of a room
.dark part of a room
wall
unexplored area
unexplored area
unexplored area
unexplored area
unexplored area
unexplored area
unexplored area
unexplored area
unexplored area
unexplored area
unexplored area
unexplored area
unexplored area
unexplored area
unexplored area
unexplored area
unexplored area
unexplored area
unexplored area
unexplored area
unexplored area
unexplored area
unexplored area
unexplored area
unexplored area
unexplored area
unexplored area
unexplored area
unexplored area
unexplored area
unexplored area
unexplored area
unexplored area
unexplored area
unexplored area
unexplored area
unexplored area
unexplored area
unexplored area
unexplored area
unexplored area
unexplored area
unexplored area
unexplored area
unexplored area
unexplored area
unexplored area
unexplored area
unexplored area
unexplored area
unexplored area
unexplored area
unexplored area
unexplored area
unexplored area
unexplored area
unexplored area
unexplored area
unexplored area
unexplored area
unexplored area
unexplored area
unexplored area
unexplored area
unexplored area
unexplored area
unexplored area
wall
wall
wall
wall
wall
wall
wall
wall
wall
5unknown creature causing you dread
.dark part of a room
wall
wall
unexplored area
unexplored area
unexplored area
unexplored area
unexplored area
unexplored area
unexplored area
unexplored area
unexplored area
unexplored area
unexplored area
unexplored area
unexplored area
unexplored area
unexplored area
unexplored area
unexplored area
unexplored area
unexplored area
unexplored area
unexplored area
unexplored area
unexplored area
unexplored area
unexplored area
unexplored area
unexplored area
unexplored area
unexplored area
unexplored area
unexplored area
unexplored area
unexplored area
unexplored area
unexplored area
unexplored area
unexplored area
unexplored area
unexplored area
unexplored area
unexplored area
unexplored area
unexplored area
unexplored area
unexplored area
unexplored area
unexplored area
unexplored area
unexplored area
unexplored area
unexplored area
unexplored area
unexplored area
unexplored area
unexplored area
unexplored area
unexplored area
unexplored area
unexplored area
unexplored area
unexplored area
unexplored area
unexplored area
unexplored area
unexplored area
unexplored area
wall
.floor of a room
.floor of a room
.floor of a room
.floor of a room
.floor of a room
.floor of a room
.floor of a room
wall
.dark part of a room
.dark part of a room
.dark part of a room
wall
wall
unexplored area
unexplored area
unexplored area
unexplored area
unexplored area
unexplored area
unexplored area
unexplored area
unexplored area
unexplored area
unexplored area
unexplored area
unexplored area
unexplored area
unexplored area
unexplored area
unexplored area
unexplored area
unexplored area
unexplored area
unexplored area
unexplored area
unexplored area
unexplored area
unexplored area
unexplored area
unexplored area
unexplored area
unexplored area
unexplored area
unexplored area
unexplored area
unexplored area
unexplored area
unexplored area
unexplored area
unexplored area
unexplored area
unexplored area
unexplored area
unexplored area
unexplored area
unexplored area
unexplored area
unexplored area
unexplored area
unexplored area
unexplored area
unexplored area
unexplored area
unexplored area
unexplored area
unexplored area
unexplored area
unexplored area
unexplored area
unexplored area
unexplored area
unexplored area
unexplored area
unexplored area
unexplored area
unexplored area
unexplored area
unexplored area
wall
agiant ant
.floor of a room
.floor of a room
.floor of a room
agiant ant
agiant ant
zzruty
wall
.dark part of a room
.dark part of a room
%a giant ant corpse
.dark part of a room
wall
wall
wall
.dark part of a room
.dark part of a room
.dark part of a room
%a giant ant corpse
unexplored area
unexplored area
unexplored area
unexplored area
unexplored area
unexplored area
unexplored area
unexplored area
unexplored area
unexplored area
unexplored area
unexplored area
unexplored area
unexplored area
unexplored area
unexplored area
unexplored area
unexplored area
unexplored area
unexplored area
unexplored area
unexplored area
unexplored area
unexplored area
unexplored area
unexplored area
unexplored area
unexplored area
unexplored area
unexplored area
unexplored area
unexplored area
unexplored area
unexplored area
unexplored area
unexplored area
unexplored area
unexplored area
unexplored area
unexplored area
unexplored area
unexplored area
unexplored area
unexplored area
unexplored area
unexplored area
unexplored area
unexplored area
unexplored area
unexplored area
unexplored area
unexplored area
unexplored area
unexplored area
unexplored area
unexplored area
unexplored area
unexplored area
unexplored area
wall
.floor of a room
.floor of a room
.floor of a room
@invisible human monk called rustyspoon
.floor of a room
.floor of a room
%a stalker corpse
-open door
@priest of Huan Ti
AAngel of Shan Lai Ching
.floor of a room
%a fire giant corpse
0a boulder
-open door
.dark part of a room
%a soldier ant corpse
.dark part of a room
.dark part of a room
.dark part of a room
.dark part of a room
unexplored area
unexplored area
unexplored area
unexplored area
unexplored area
unexplored area
unexplored area
unexplored area
unexplored area
unexplored area
unexplored area
unexplored area
unexplored area
unexplored area
unexplored area
unexplored area
unexplored area
unexplored area
unexplored area
unexplored area
unexplored area
unexplored area
unexplored area
unexplored area
unexplored area
unexplored area
unexplored area
unexplored area
unexplored area
unexplored area
unexplored area
unexplored area
unexplored area
unexplored area
unexplored area
unexplored area
unexplored area
unexplored area
unexplored area
unexplored area
unexplored area
unexplored area
unexplored area
unexplored area
unexplored area
unexplored area
unexplored area
unexplored area
unexplored area
unexplored area
unexplored area
unexplored area
unexplored area
unexplored area
unexplored area
unexplored area
unexplored area
unexplored area
wall
.floor of a room
.floor of a room
@peaceful priestess of Chih Sung-tzu
@peaceful high priestess of Chih Sung-tzu
agiant beetle
agiant ant
.floor of a room
wall
.dark part of a room
5unknown creature causing you dread
4unknown creature causing you alarm
.dark part of a room
wall
wall
wall
.dark part of a room
.dark part of a room
.dark part of a room
.dark part of a room
.dark part of a room
.dark part of a room
unexplored area
unexplored
unexplored area
unexplored area
unexplored area
unexplored area
unexplored area
unexplored area
unexplored area
unexplored area
unexplored area
unexplored area
unexplored area
unexplored area
unexplored area
unexplored area
unexplored area
unexplored area
unexplored area
unexplored area
unexplored area
unexplored area
unexplored area
unexplored area
unexplored area
unexplored area
unexplored area
unexplored area
unexplored area
unexplored area
unexplored area
unexplored area
unexplored area
unexplored area
unexplored area
unexplored area
unexplored area
unexplored area
unexplored area
unexplored area
unexplored area
unexplored area
unexplored area
unexplored area
unexplored area
unexplored area
unexplored area
unexplored area
unexplored area
unexplored area
unexplored area
unexplored area
unexplored area
unexplored area
unexplored area
unexplored area
unexplored area
wall
.floor of a room
.floor of a room
.floor of a room
.floor of a room
.floor of a room
Hfire giant
.floor of a room
wall
.dark part of a room
.dark part of a room
.dark part of a room
wall
wall
unexplored area
unexplored area
wall
.dark part of a room
.dark part of a room
.dark part of a room
.dark part of a room
.dark part of a room
unexplored area
unexplored area
unexplored area
unexplored area
unexplored area
unexplored area
unexplored area
unexplored area
unexplored area
unexplored area
unexplored area
unexplored area
unexplored area
unexplored area
unexplored area
unexplored area
unexplored area
unexplored area
unexplored area
unexplored area
unexplored area
unexplored area
unexplored area
unexplored area
unexplored area
unexplored area
unexplored area
unexplored area
unexplored area
unexplored area
unexplored area
unexplored area
unexplored area
unexplored area
unexplored area
unexplored area
unexplored area
unexplored area
unexplored area
unexplored area
unexplored area
unexplored area
unexplored area
unexplored area
unexplored area
unexplored area
unexplored area
unexplored area
unexplored area
unexplored area
unexplored area
unexplored area
unexplored area
unexplored area
unexplored area
unexplored area
unexplored area
wall
wall
wall
wall
wall
wall
wall
wall
wall
.dark part of a room
.dark part of a room
wall
wall
unexplored area
unexplored area
unexplored area
unexplored area
unexplored area
unexplored area
wall
|open door
wall
wall
unexplored area
unexplored area
stone
stone
stone
unexplored area
unexplored area
unexplored area
unexplored area
unexplored area
unexplored area
unexplored area
unexplored area
unexplored area
unexplored area
unexplored area
unexplored area
unexplored area
unexplored area
unexplored area
unexplored area
unexplored area
unexplored area
unexplored area
unexplored area
unexplored area
unexplored area
unexplored area
unexplored area
unexplored area
unexplored area
unexplored area
unexplored area
unexplored area
unexplored area
unexplored area
unexplored area
unexplored area
unexplored area
unexplored area
unexplored area
unexplored area
unexplored area
unexplored area
unexplored area
unexplored area
unexplored area
unexplored area
unexplored area
unexplored area
unexplored area
unexplored area
unexplored area
unexplored area
unexplored area
unexplored area
unexplored area
unexplored area
unexplored area
unexplored area
unexplored area
4unknown creature causing you alarm
unexplored area
.dark part of a room
.dark part of a room
.dark part of a room
.dark part of a room
wall
unexplored area
unexplored area
unexplored area
unexplored area
unexplored area
unexplored area
unexplored area
.dark part of a room
.dark part of a room
.dark part of a room
wall
wall
wall
wall
wall
wall
wall
unexplored area
unexplored area
unexplored area
unexplored area
unexplored area
unexplored area
unexplored area
unexplored area
unexplored area
unexplored area
unexplored area
unexplored area
unexplored area
unexplored area
unexplored area
unexplored area
unexplored area
unexplored area
unexplored area
unexplored area
unexplored area
unexplored area
unexplored area
unexplored area
unexplored area
unexplored area
unexplored area
unexplored area
unexplored area
unexplored area
unexplored area
unexplored area
unexplored area
unexplored area
unexplored area
unexplored area
unexplored area
unexplored area
unexplored area
unexplored area
unexplored area
unexplored area
unexplored area
unexplored area
unexplored area
unexplored area
unexplored area
unexplored area
unexplored area
unexplored area
unexplored area
unexplored area
unexplored area
unexplored area
unexplored area
unexplored area
wall
wall
wall
wall
wall
wall
unexplored area
unexplored area
unexplored area
unexplored area
unexplored area
unexplored area
unexplored area
.dark part of a room
.dark part of a room
.dark part of a room
%Famine's corpse
.dark part of a room
.dark part of a room
.dark part of a room
.dark part of a room
.dark part of a room
wall
.dark part of a room
unexplored area
unexplored area
unexplored area
unexplored area
unexplored area
unexplored area
unexplored area
unexplored area
unexplored area
unexplored area
unexplored area
unexplored area
unexplored area
unexplored area
unexplored area
unexplored area
unexplored area
unexplored area
unexplored area
unexplored area
unexplored area
unexplored area
unexplored area
unexplored area
unexplored area
unexplored area
unexplored area
unexplored area
unexplored area
unexplored area
unexplored area
unexplored area
unexplored area
unexplored area
unexplored area
unexplored area
unexplored area
unexplored area
unexplored area
unexplored area
unexplored area
unexplored area
unexplored area
unexplored area
unexplored area
unexplored area
unexplored area
unexplored area
unexplored area
unexplored area
unexplored area
unexplored area
unexplored area
unexplored area
unexplored area
unexplored area
unexplored area
unexplored area
unexplored area
unexplored area
unexplored area
unexplored area
unexplored area
unexplored area
unexplored area
unexplored area
unexplored area
unexplored area
unexplored area
unexplored area
wall
wall
wall
wall
.dark part of a room
.dark part of a room
.dark part of a room
wall
wall
unexplored area
unexplored area
unexplored area
unexplored area
unexplored area
unexplored area
unexplored area
unexplored area
unexplored area
unexplored area
unexplored area
unexplored area
unexplored area
unexplored area
unexplored area
unexplored area
unexplored area
unexplored area
unexplored area
unexplored area
unexplored area
unexplored area
unexplored area
unexplored area
unexplored area
unexplored area
unexplored area
unexplored area
unexplored area
unexplored area
unexplored area
unexplored area
unexplored area
unexplored area
unexplored area
unexplored area
unexplored area
unexplored area
unexplored area
unexplored area
unexplored area
unexplored area
unexplored area
unexplored area
unexplored area
unexplored area
unexplored area
unexplored area
unexplored area
unexplored area
unexplored area
unexplored area
unexplored area
unexplored area
unexplored area
unexplored area
unexplored area
unexplored area
unexplored area
unexplored area
unexplored area
unexplored area
unexplored area
unexplored area
unexplored area
unexplored area
unexplored area
unexplored area
unexplored area
unexplored area
unexplored area
unexplored area
stone
wall
.dark part of a room
.dark part of a room
.dark part of a room
.dark part of a room
wall
unexplored area
unexplored area
unexplored area
unexplored area
unexplored area
unexplored area
unexplored area
unexplored area
unexplored area
unexplored area
unexplored area
unexplored area
unexplored area
unexplored area
unexplored area
unexplored area
unexplored area
unexplored area
unexplored area
unexplored area
unexplored area
unexplored area
unexplored area
unexplored area
unexplored area
unexplored area
unexplored area
unexplored area
unexplored area
unexplored area
unexplored area
unexplored area
unexplored area
unexplored area
unexplored area
unexplored area
unexplored area
unexplored area
unexplored area
unexplored area
unexplored area
unexplored area
unexplored area
unexplored area
unexplored area
unexplored area
unexplored area
unexplored area
unexplored area
unexplored area
unexplored area
unexplored area
unexplored area
unexplored area
unexplored area
unexplored area
unexplored area
unexplored area
unexplored area
unexplored area
unexplored area
unexplored area
unexplored area
unexplored area
unexplored area
unexplored area
unexplored area
unexplored area
unexplored area
unexplored area
unexplored area
unexplored area
unexplored area
wall
wall
wall
.dark part of a room
.dark part of a room
unexplored area
unexplored area
unexplored area
unexplored area
unexplored area
unexplored area
unexplored area
unexplored area
unexplored area
unexplored area
unexplored area
unexplored area
unexplored area
unexplored area
unexplored area
unexplored area
unexplored area
unexplored area
unexplored area
unexplored area
unexplored area
unexplored area
unexplored area
unexplored area
unexplored area
unexplored area
unexplored area
unexplored area
unexplored area
unexplored area
unexplored area
unexplored area
unexplored area
unexplored area
unexplored area
unexplored area
unexplored area
unexplored area
unexplored area
unexplored area
unexplored area
unexplored area
unexplored area
unexplored area
unexplored area
unexplored area
unexplored area
unexplored area
unexplored area
unexplored area
unexplored area
unexplored area
unexplored area
unexplored area
unexplored area
unexplored area
unexplored area
unexplored area
unexplored area
unexplored area
unexplored area
unexplored area
unexplored area
unexplored area
unexplored area
unexplored area
unexplored area
unexplored area
unexplored area
unexplored area
unexplored area
unexplored area
unexplored area
unexplored area
unexplored area
stone
wall
.dark part of a room
unexplored area
unexplored area
unexplored area
unexplored area
unexplored area
unexplored area
unexplored area
unexplored area
unexplored area
unexplored area
unexplored area
unexplored area
unexplored area
unexplored area
unexplored area
unexplored area
unexplored area
unexplored area
unexplored area
unexplored area
unexplored area
unexplored area
unexplored area
unexplored area
unexplored area
unexplored area
unexplored area
unexplored area
unexplored area
unexplored area
unexplored area
unexplored area
unexplored area
unexplored area
unexplored area
unexplored area
unexplored area
unexplored area
unexplored area
unexplored area
unexplored area
unexplored area
unexplored area
unexplored area
unexplored area
unexplored area
unexplored area
unexplored area
unexplored area
unexplored area
unexplored area
unexplored area
unexplored area
unexplored area
unexplored area
unexplored area
unexplored area
unexplored area
unexplored area
unexplored area
unexplored area
unexplored area
unexplored area
unexplored area
unexplored area
unexplored area
unexplored area
unexplored area
unexplored area
unexplored area
unexplored area
unexplored area
unexplored area
unexplored area
unexplored area
unexplored area
unexplored area
unexplored area
unexplored area
unexplored area
unexplored area
unexplored area
unexplored area
unexplored area
unexplored area
unexplored area
unexplored area
unexplored area
unexplored area
unexplored area
unexplored area
unexplored area
unexplored area
unexplored area
unexplored area
unexplored area
unexplored area
unexplored area
unexplored area
unexplored area
unexplored area
unexplored area
unexplored area
unexplored area
unexplored area
unexplored area
unexplored area
unexplored area
unexplored area
unexplored area
unexplored area
unexplored area
unexplored area
unexplored area
unexplored area
unexplored area
unexplored area
unexplored area
unexplored area
unexplored area
unexplored area
unexplored area
unexplored area
unexplored area
unexplored area
[Rustyspoon the Student of Wate] St:18/10 Dx:23 Co:18 In:19 Wi:21 Ch:18 Neutral Astral Plane $:0 HP:380(380) Pw:77(77) AC:-40 Xp:15 T:39081 Satiated

Latest messages:

The Angel of Shan Lai Ching swings her long sword at the giant ant.
The Angel of Shan Lai Ching hits the giant ant.
The Angel of Shan Lai Ching swings her long sword at the giant ant.
The Angel of Shan Lai Ching hits the giant ant.
The Angel of Shan Lai Ching hits the giant ant.
The giant ant is killed!
The priest of Huan Ti picks up 4 gems called s gr.
You hear a distant zap.
The bolt of cold hits the priest of Huan Ti!
The bolt of cold hits the renegade priestess of Chih Sung-tzu!
The high priestess wields a mace!
You kill the soldier ant!
The giant beetle turns to flee.
The giant ant turns to flee.
The giant ant turns to flee.
The giant beetle turns to flee.
The fire giant turns to flee.
The Angel of Shan Lai Ching swings his long sword at the renegade priestess of Chih Sung-tzu.
The Angel of Shan Lai Ching hits the renegade priestess of Chih Sung-tzu.
The Angel of Shan Lai Ching swings his long sword at the renegade priestess of Chih Sung-tzu.
The Angel of Shan Lai Ching hits the renegade priestess of Chih Sung-tzu.
The Angel of Shan Lai Ching hits the renegade priestess of Chih Sung-tzu.
The Angel of Shan Lai Ching swings her long sword at the renegade priestess of Chih Sung-tzu.
The Angel of Shan Lai Ching hits the renegade priestess of Chih Sung-tzu.
The Angel of Shan Lai Ching swings her long sword at the renegade priestess of Chih Sung-tzu.
The Angel of Shan Lai Ching hits the renegade priestess of Chih Sung-tzu.
The renegade priestess of Chih Sung-tzu is killed!
The priest of Huan Ti picks up 4 gems called s vi1.
The high priestess swings her mace at the giant beetle.
The high priestess hits the giant beetle.
The high priestess hits the giant beetle.
The giant beetle is killed!
The fire giant picks up a boulder.
The Angel of Shan Lai Ching picks up a cursed mace.
The priestess of Chih Sung-tzu wields a mace!
The mace welds itself to the priestess of Chih Sung-tzu's hand!
You hear a door open.
The Angel of Shan Lai Ching swings her long sword at the Angel of Shan Lai Ching.
The Angel of Shan Lai Ching hits the Angel of Shan Lai Ching.
The Angel of Shan Lai Ching swings her long sword at the Angel of Shan Lai Ching.
The Angel of Shan Lai Ching hits the Angel of Shan Lai Ching.
The Angel of Shan Lai Ching misses the Angel of Shan Lai Ching.
There is a high altar to Chih Sung-tzu (neutral) here.
What do you want to sacrifice? [V or ?*]
You offer the Amulet of Yendor to Chih Sung-tzu...
An invisible choir sings, and you are bathed in radiance...
The voice of Chih Sung-tzu booms: "Mortal, thou hast done well!"
"In return for thy service, I grant thee the gift of Immortality!"
You ascend to the status of Demigoddess...
Do you want your possessions identified? [ynq] (y)

Inventory:

Amulets

S - an uncursed amulet of reflection (being worn)

Armor

A - an uncursed +4 Hawaiian shirt with a tropical fish motif named "tropical fish on a patterned background" (being worn)
B - a blessed +5 orange dragon scale mail (being worn)
C - an uncursed greased fireproof +5 cloak of magic resistance (being worn)
D - an uncursed fireproof +4 pair of speed boots (being worn)
E - a blessed thoroughly burnt +5 pair of gauntlets of dexterity (being worn)
F - a blessed rustproof +3 helm of brilliance (being worn)

Comestibles

L - a cursed lizard corpse named KFC

Scrolls

G - an uncursed scroll of teleportation

Spellbooks

m - the uncursed Book of the Dead

Rings

I - a blessed +2 ring of protection (on left hand)
P - a blessed ring of levitation
U - a blessed ring of conflict (on right hand)

Wands

n - an uncursed wand of teleportation (0:4)
q - an uncursed wand of teleportation (0:7)
r - an uncursed wand of death (1:1)
z - a blessed wand of digging (0:3)
Y - a blessed wand of digging (0:8)
Z - an uncursed wand of digging (0:4)

Tools

b - a blessed greased bag of holding containing 105 items
e - a blessed stethoscope
h - the uncursed Candelabrum of Invocation (0 of 7 candles attached)
k - an uncursed skeleton key
l - an uncursed magic marker (0:65)
s - an uncursed sack named cancellation containing 2 items
t - an uncursed blindfold
u - a blessed +7 unicorn horn named Lh;
v - a blessed magic marker (0:4)
O - the uncursed Bell of Opening (0:0)
R - the blessed Eyes of the Overworld

Gems/Stones

x - a blessed luckstone

Contents of the bag of holding:

an uncursed amulet of life saving
an uncursed amulet of life saving
an uncursed amulet of flying
an uncursed +0 pair of jumping boots
an uncursed +0 oilskin cloak
an uncursed +1 robe
3 uncursed C-rations
4 uncursed food rations
15 uncursed K-rations
an uncursed lembas wafer
an uncursed scroll of amnesia
27 blessed scrolls of blank paper
a blessed scroll of charging
an uncursed scroll of confuse monster
4 uncursed scrolls of create monster
an uncursed scroll of create monster
3 uncursed scrolls of earth
an uncursed scroll of enchant armor
2 blessed scrolls of enchant weapon
an uncursed scroll of identify
3 blessed scrolls of remove curse
2 uncursed scrolls of taming
20 potions of holy water
5 blessed diluted potions of full healing
2 uncursed potions of gain level
an uncursed potion of gain level
an uncursed potion of healing
an uncursed potion of invisibility
12 blessed potions of levitation
an uncursed potion of paralysis
an uncursed potion of see invisible
an uncursed ring of free action
an uncursed ring of levitation
an uncursed ring of levitation
an uncursed ring of levitation
an uncursed ring of regeneration
an uncursed ring of slow digestion
a blessed ring of teleport control
an uncursed wand of slow monster (0:5)
an uncursed wand of death (1:5)
an uncursed wand of digging (0:4)
an uncursed wand of digging (0:4)
an uncursed wand of digging (0:3)
an uncursed wand of digging (0:3)
an uncursed wand of digging (0:6)
an uncursed wand of digging (0:6)
an uncursed wand of digging (0:5)
an uncursed wand of digging (0:6)
a blessed wand of fire (0:4)
an uncursed wand of fire (0:8)
an uncursed wand of fire (0:5)
an uncursed wand of lightning (0:6)
an uncursed wand of lightning (0:3)
an uncursed wand of lightning (0:4)
an uncursed wand of lightning (0:6)
an uncursed wand of magic missile (0:4)
an uncursed wand of magic missile (0:3)
an uncursed wand of magic missile (0:7)
an uncursed wand of magic missile (0:7)
an uncursed wand of magic missile (0:5)
an uncursed wand of magic missile (0:5)
an uncursed wand of magic missile (0:3)
an uncursed wand of magic missile (0:5)
an uncursed wand of magic missile (0:6)
an uncursed wand of magic missile (0:2)
an uncursed wand of magic missile (0:5)
an uncursed wand of secret door detection (0:9)
an uncursed wand of secret door detection (0:11)
an uncursed wand of secret door detection (0:14)
an uncursed wand of sleep (0:7)
an uncursed wand of sleep (0:4)
an uncursed wand of sleep (0:4)
an uncursed wand of sleep (0:1)
an uncursed wand of sleep (0:5)
an uncursed wand of sleep (0:3)
an uncursed wand of sleep (0:5)
an uncursed wand of sleep (0:2)
a blessed wand of striking (0:6)
an uncursed wand of striking (0:5)
an uncursed wand of striking (0:0)
an uncursed wand of striking (0:2)
an uncursed wand of striking (0:7)
an uncursed wand of striking (0:4)
an uncursed wand of striking (0:4)
an uncursed wand of striking (0:4)
an uncursed wand of striking (0:4)
an uncursed wand of striking (0:4)
an uncursed wand of teleportation (0:6)
an uncursed wand of teleportation (0:6)
an uncursed wand of teleportation (0:6)
an uncursed wand of teleportation (0:4)
an uncursed wand of teleportation (0:3)
an uncursed wand of teleportation (0:0)
an uncursed wand of wishing (1:2)
an uncursed bugle
an uncursed tallow candle
8 uncursed wax candles
an uncursed can of grease (0:11)
an uncursed magic marker (0:87)
an uncursed magic whistle
an uncursed greased +7 pick-axe
an uncursed +0 unicorn horn
an uncursed +0 unicorn horn
an uncursed +0 unicorn horn
an uncursed amethyst stone

Contents of the sack named cancellation:

an uncursed wand of cancellation (0:3)
an uncursed wand of cancellation (0:4)

Rustyspoon the Monk's attributes:


Background:

You were a Student of Waters, a level 15 female human Monk.
You were neutral, on a mission for Chih Sung-tzu
who was opposed by Shan Lai Ching (lawful) and Huan Ti (chaotic).
You were in the endgame, on the Astral Plane.
You entered the dungeon 39081 turns ago.
You had 176428 experience points, 143572 more were needed to attain level 16.

Basics:

You had all 380 hit points.
You had all 77 energy points (spell power).
Your armor class was -40.
Your wallet was empty.
Autopickup was on for '?!' plus thrown, with exceptions.

Final Characteristics:

Your strength was 18/10 (limit:18/100).
Your dexterity was 23 (base:18, innate limit:18).
Your constitution was 18 (limit:18).
Your intelligence was 19 (base:16, innate limit:18).
Your wisdom was 21 (base:18, innate limit:18).
Your charisma was 18 (limit:18).

Final Status:

You were satiated.
You were unencumbered.
You were empty handed.
You had grand master skill with martial arts.
You had a huge penalty to hit (-20) due to your dragon mail.

Final Attributes:

You were the Envoy of Balance.
You were piously aligned.
You were magic-protected.
You were fire resistant.
You were cold resistant.
You were sleep resistant.
You were shock resistant.
You were poison resistant.
You saw invisible.
You were telepathic.
You were warned.
You had automatic searching.
You were invisible to others.
You were stealthy.
You caused conflict.
You had a large defense bonus (+12).
You were guarded.
You were very fast.
You had reflection.
You had free action.
You were extremely lucky.
You had extra luck.
Good luck did not time out for you.
You survived.

Miscellaneous:
You encountered 2 bones levels.
Total elapsed playing time was 6 hours, 5 minutes and 55 seconds.

Major events:

Turn

1: rustyspoon the neutral female human Monk entered the dungeon
725: attained the rank of Novice (level 3)
814: entered the Gnomish Mines
1834: attained the rank of Initiate (level 6)
2307: reached Mine Town
2589: destroyed quervo1's ghost, the former Excursionist
6028: entered Sokoban
6292: completed sokoban 1
6804: completed sokoban 2
7442: completed sokoban 3
8683: completed sokoban 4
8788: acquired the Sokoban amulet of reflection
10583: attained the rank of Student of Stones (level 10)
12251: destroyed wmahan's ghost, the former Rogue
13818: acquired the Mines' End luckstone
17346: entered the Bigroom
21370: killed Medusa
22593: made her first wish - "blessed greased bag of holding", got "a greased bag"
23766: killed the Oracle
25686: performed her first genocide (class L)
25698: genocided class h
29638: became Chih Sung-tzu's Envoy of Balance
29638: was bestowed with spellbook of restore ability
29813: attained the rank of Student of Waters (level 14)
30630: killed Master Kaen
30633: found the Eyes of the Overworld on the floor
30634: acquired the Bell of Opening
31672: entered Gehennom
31891: killed Yeenoghu
33055: bribed Asmodeus with 69 zorkmids for safe passage
33719: bribed Baalzebub with 9 zorkmids for safe passage
33827: killed Juiblex
35010: destroyed Vlad the Impaler
35025: acquired the Candelabrum of Invocation
35751: killed the invisible Orcus
36772: wished for "blessed fixed ring of conflict", got "a steel ring"
36998: killed the Wizard of Yendor
37000: acquired the Book of the Dead
37074: performed the invocation
37225: killed the Wizard of Yendor (2nd time)
37236: killed the invisible Wizard of Yendor (3rd time)
37246: killed the invisible Wizard of Yendor (5th time)
37351: killed the high priest of Moloch
37359: acquired The Amulet of Yendor
38855: entered the Elemental Planes
38855: entered Plane of Earth
38885: entered Plane of Air
38939: entered Plane of Fire
38984: entered Plane of Water
38988: genocided class ;
39049: entered the Astral Plane
39059: killed Famine
39060: found Ogresmasher carried by a monster
39081: ascended

Vanquished creatures:

Orcus
Yeenoghu
Juiblex
the Wizard of Yendor (8 times)
Famine
Vlad the Impaler
a high cleric
Master Kaen
Medusa
13 krakens
2 iron golems
2 storm giants
2 glass golems
4 balrogs
3 purple worms
a gray dragon
2 red dragons
2 white dragons
5 orange dragons
4 black dragons
3 blue dragons
3 green dragons
2 yellow dragons
17 minotaurs
2 baluchitheria
a demilich
3 stone golems
a master mind flayer
6 Olog-hai
a Nazgul
2 pit fiends
2 sandestins
a hell hound
2 displacer beasts
6 titanotheres
a trapper
a guardian naga
a genetic engineer
13 vampire leaders
4 skeletons
8 shopkeepers
the Oracle
9 aligned clerics
4 captains
5 shades
2 liches
4 clay golems
4 nurses
an ice devil
6 nalfeshnees
3 lurkers above
an Aleax
2 ettins
a black pudding
27 vampires
4 lieutenants
2 watch captains
44 ghosts
a queen bee
a winged gargoyle
a mind flayer
8 giant mimics
3 long worms
3 zruties
10 fire giants
4 ogre tyrants
3 ice trolls
5 rock trolls
3 umber hulks
4 flesh golems
2 elven monarchs
3 doppelgangers
5 hezrous
3 bone devils
5 large mimics
2 wumpuses
3 fire vortices
a baby purple worm
3 couatls
16 stalkers
2 air elementals
5 fire elementals
25 earth elementals
a water elemental
4 hill giants
2 giant mummies
2 black nagas
27 xorns
11 giant zombies
5 elf-nobles
8 sergeants
6 barbed devils
11 vrocks
3 salamanders
14 wargs
3 winter wolves
6 hell hound pups
13 small mimics
3 warhorses
5 steam vortices
8 xans
5 ettin mummies
9 ogre leaders
6 quantum mechanics
9 trolls
2 wood golems
3 erinyes
6 mariliths
7 sharks
8 electric eels
8 gelatinous cubes
3 pyrolisks
4 large dogs
3 freezing spheres
2 flaming spheres
4 shocking spheres
4 large cats
a tiger
9 gargoyles
2 dwarf rulers
4 tengu
5 ochre jellies
6 leocrottas
2 energy vortices
4 mountain centaurs
2 stone giants
5 elf mummies
5 human mummies
6 red nagas
4 green slimes
a python
3 pit vipers
34 wraiths
4 carnivorous apes
9 ettin zombies
7 Grey-elves
59 soldiers
3 watchmen
7 amorous demons
5 horned devils
6 chameleons
3 crocodiles
34 giant beetles
11 quivering blobs
13 cockatrices
8 wolves
8 winter wolf cubs
a lynx
3 panthers
17 gremlins
a spotted jelly
8 leprechauns
2 orc-captains
6 iron piercers
4 mumakil
10 giant spiders
3 scorpions
2 horses
2 ice vortices
10 black lights
8 vampire bats
4 forest centaurs
a gnome ruler
6 orc mummies
7 dwarf mummies
7 ogres
4 brown puddings
8 rust monsters
15 owlbears
4 yetis
4 gold golems
2 werewolves
6 Green-elves
5 piranha
18 giant eels
14 lizards
a chickatrice
5 dogs
3 housecats
4 jaguars
4 dwarf leaders
4 blue jellies
2 white unicorns
a gray unicorn
4 black unicorns
7 dust vortices
27 ravens
a plains centaur
a gnome mummy
5 snakes
4 water moccasins
7 apes
18 human zombies
a rope golem
11 Woodland-elves
30 soldier ants
28 fire ants
4 bugbears
3 imps
2 quasits
5 wood nymphs
7 water nymphs
4 mountain nymphs
18 Uruk-hai
an orc shaman
8 rock piercers
4 rock moles
6 ponies
6 fog clouds
8 yellow lights
3 shriekers
10 violet fungi
13 gnome leaders
3 gnomish wizards
7 kobold mummies
8 gray oozes
a barrow wight
18 elf zombies
12 ghouls
3 straw golems
2 paper golems
7 jellyfish
36 giant ants
6 little dogs
17 floating eyes
a kitten
23 dwarves
6 homunculi
3 kobold leaders
2 kobold shamans
14 hill orcs
18 rothes
2 rabid rats
5 centipedes
5 giant bats
28 orc zombies
12 dwarf zombies
3 wererats
2 werejackals
13 iguanas
64 killer bees
2 coyotes
a gas spore
6 hobbits
12 manes
2 large kobolds
7 hobgoblins
9 giant rats
8 cave spiders
a brown mold
5 yellow molds
a green mold
a red mold
57 gnomes
2 garter snakes
18 gnome zombies
8 geckos
18 jackals
3 foxes
3 kobolds
6 goblins
a sewer rat
9 grid bugs
a bat
10 lichens
17 kobold zombies
11 newts
1854 creatures vanquished.

Genocided or extinct species:

hobbits
dwarves
bugbears
dwarf leaders
dwarf rulers
mind flayers
master mind flayers
liches
demiliches
master liches
arch-liches
erinyes (extinct)
jellyfish
piranha
sharks
giant eels
electric eels
krakens
17 species genocided.
1 species extinct.

Voluntary challenges:

You followed a strict vegan diet.
You read items or engraved 139 times.
You never engraved Elbereth.
You genocided 17 types of monsters.
You never changed form.
You used 2 wishes.
You did not wish for any artifacts.
You did not violate any of the special Sokoban rules.

Achievements:

You attained the rank of Novice.
You entered the Gnomish Mines.
You entered a shop.
You attained the rank of Initiate.
You entered Minetown.
You entered a temple.
You entered Sokoban.
You completed Sokoban.
You attained the rank of Student of Stones.
You completed the Gnomish Mines.
You entered the Big Room.
You defeated Medusa.
You learned the tune to open and close the Castle's drawbridge.
You attained the rank of Student of Waters.
You had the Bell of Opening.
You entered Gehennom.
You had the Candelabrum of Invocation.
You had the Book of the Dead.
You gained access to Moloch's Sanctum.
You reached the Elemental Planes.
You reached the Astral Plane.
You delivered the Amulet of Yendor.
You ascended!

The Elemental Planes:

   Astral Plane: <- You are here.
A temple to Chih Sung-tzu.
Plane of Water:
Plane of Fire:
Plane of Air:
Plane of Earth:

The Dungeons of Doom: levels 1 to 25

   Level 1: "fake bones"
One way stairs up to The Elemental Planes.
Level 2:
An altar to Chih Sung-tzu.
Level 3: "magical helmet store, cursed mithril"
An untended shop.
Stairs down to The Gnomish Mines.
Level 4:
An untended shop, a fountain.
Level 5:
An untended shop.
Level 6:
A fountain.
Level 7:
A sink.
Level 8:
Many fountains.
Oracle of Delphi.
Level 9:
Stairs up to Sokoban, level 8.
Level 10: "puddle"
A temple.
Level 11:
An altar.
Level 12:
A very big room.
Level 13:
A temple to Chih Sung-tzu.
Level 14:
An untended shop, a sink.
Level 15:
Many graves.
Portal to The Quest.
Level 16:
A primitive area.
Level 17:
A temple to Chih Sung-tzu.
Level 18:
A fountain, a sink.
Level 19:
A fountain, a sink.
Level 20: "stash chest"
Level 21: "Perseus SoR, stash >"
A fountain, many trees.
Level 22:
Level 23:
Level 24: "stash >"
Level 25: "stash weapon room"
A fountain.
The castle (play notes "FCADF" to open or close drawbridge).
Connection to Gehennom.

Gehennom: levels 26 to 48

   Level 26:
A temple, many graves.
Valley of the Dead.
Level 27:
Level 28:
Level 29:
Level 30:
Level 31:
Level 32:
A fountain.
Level 33:
Level 34:
Level 35:
Level 36:
Level 37:
Stairs up to Vlad's Tower, level 36.
Level 38:
Some shops, an altar, some graves.
Level 39:
Level 40:
Level 41:
Level 42:
Level 43:
Level 44:
Level 45:
Level 46:
Level 47:
Level 48:
A temple, many graves.
Moloch's Sanctum.

The Gnomish Mines: levels 4 to 12

   Level 4:
Level 5:
Level 6:
Level 7: "stash cat room"
Many shops, a temple to Chih Sung-tzu, a fountain, a grave, some trees.
Final resting place for
quervo1-Tou-Hum-Mal-Neu, killed by an ape.
Level 8:
Level 9:
A grave.
Final resting place for
wmahan-Rog-Orc-Mal-Cha, killed by a werewolf.
Level 10:
Level 11:
Level 12:
A fountain.

The Quest: levels 1 to 5

   Level 1: "stash >"
A temple, many trees.
Completed quest for the Grand Master.
Level 2:
Level 3:
Level 4: "stash >"
Level 5:
An altar.

Sokoban: levels 8 up to 5

   Level 5:
Solved.
Level 6:
Solved.
Level 7:
Solved.
Level 8:
Solved.

Vlad's Tower: levels 36 up to 34

   Level 34:
Level 35:
Level 36:

Goodbye rustyspoon the Demigoddess...


You went to your reward with 1786338 points,
The Candelabrum of Invocation (worth 5000 zorkmids and 12500 points)
The Book of the Dead (worth 10000 zorkmids and 25000 points)
The Bell of Opening (worth 5000 zorkmids and 12500 points)
The Eyes of the Overworld (worth 2500 zorkmids and 6250 points)
and 0 pieces of gold, after 39081 moves.
You were level 15 with a maximum of 380 hit points when you ascended.